 Dungeon Crawl Stone Soup version 0.26.1-11-gd32895ea62 (webtiles) character file.

Game seed: 2830742283228612161

642 ubername the Slasher (level 7, -9/53 HPs)
             Began as a Barachi Monk on June 6, 2021.
             Mangled by a yak (13 damage)
             ... on level 5 of the Dungeon.
             The game lasted 00:14:38 (5512 turns).

ubername the Slasher (Barachi Monk)                 Turns: 5512, Time: 00:14:39

Health: -9/53      AC:  8    Str: 13      XL:     7   Next: 51%
Magic:  9/9        EV: 14    Int: 14 (15) God:
Gold:   137        SH:  0    Dex: 12 (14) Spells: 6/6 levels left

rFire    + . .     SeeInvis .   a - +1 falchion
rCold    + . .     Faith    .   (no shield)
rNeg     . . .     Spirit   .   m - +2 leather armour {rF+}
rPois    .         Reflect  .   g - +2 helmet {Int+3}
rElec    .         Harm     .   (no cloak)
rCorr    .         Rampage  .   (no gloves)
Will     .....                  (no boots)
Stlth    ++........             (no amulet)
HPRegen  0.17/turn              l - ring of protection from cold
MPRegen  0.11/turn              (no ring)

@: can't hop, slow
A: +LOS, swims, slowness 1, strong legs 1
a: Hop


You were on level 5 of the Dungeon.
You visited 1 branch of the dungeon, and saw 5 of its levels.

You collected 137 gold pieces.

Inventory:

Hand Weapons
 a - a +1 falchion (weapon)
Missiles
 e - 6 poisoned darts (quivered)
 f - 17 sling bullets
Armour
 d - a +0 helmet
 g - a +2 helmet of intelligence (worn)
 k - a +0 leather armour
 m - a +2 leather armour of fire resistance (worn)
Jewellery
 l - a ring of protection from cold (left hand)
Wands
 n - a wand of iceblast (4)
 p - a wand of random effects (23)
Scrolls
 c - a scroll of amnesia
 i - 4 scrolls of identify
Potions
 b - a potion of degeneration


   Skills:
 - Level 3.6 Fighting
 + Level 5.9 Long Blades
 + Level 5.4 Dodging
 + Level 4.2 Stealth
 + Level 3.3 Invocations


You had 6 spell levels left.
You didn't know any spells.
Your spell library was empty.

Dungeon Overview and Level Annotations

Branches:
Dungeon (5/15)
 Temple: D:4-7

Altars:
Ashenzari
Makhleb
Nemelex Xobeh
Okawaru
Ru
Uskayaw
Zin


Innate Abilities, Weirdness & Mutations

You can be seen from farther away. (+LOS)
You can swim through water.
You cover ground slowly.
You can hop short distances.


Message History

The yak is heavily wounded.
The yak closely misses you.
Okay, then.
You slash the quokka!
You kill the quokka!
The yak barely misses you.
You hit the yak but do no damage.
The yak is heavily wounded.
The yak gores you!
* * * LOW HITPOINT WARNING * * *
Throw: 7 darts (poison)
Press: ? - help, Q - select action, (/) - cycle Shift-Dir - straight line, f - yak
Aim: a yak (heavily wounded, very poisoned, 69% to hit)
You throw a poisoned dart. The poisoned dart hits the yak.
The yak is heavily wounded.
The yak gores you.
* * * LOW HITPOINT WARNING * * *
Okay, then.
The yak gores you!
You die...

##............. #..............
#.............. #..............
#...÷..........
#############.............. #
#..........###............. ..
#...................#÷....#
##.####........Y@##########.#####
.(...(....(..(...# #.#
....(##...†......# #.#####
#...(....######### ##.....#
....####.# ####....### #$.. #..
##.....^## #... ##.####
#######.....#....# ...Y
..#...#...............>. ....
...........##...........


You could see a yak (very poisoned).

Vanquished Creatures
  A yak (D:5)
  An ogre (D:4)
  2 orc priests
  A hound (D:5)
  A gnoll shaman (D:3)
  Natasha (thrice) (D:3)
  A worker ant (D:5)
  5 gnolls
  5 adders
  An ooze (D:2)
  5 worms
  A dart slug (D:2)
  7 leopard geckos
  4 orcs
  10 bats
  6 giant cockroaches
  5 goblins
  6 hobgoblins
  6 jackals
  8 kobolds
  2 quokkas
  2 ball pythons
  3 frilled lizards
  6 rats
92 creatures vanquished.

Notes
Turn   | Place    | Note
-------+----------+-------------------------------------------
     0 | D:1      | ubername the Barachi Monk began the quest for the Orb.
     0 | D:1      | Reached XP level 1. HP: 18/18 MP: 1/1
   198 | D:1      | Reached XP level 2. HP: 23/25 MP: 2/2
  1353 | D:2      | Reached XP level 3. HP: 29/30 MP: 3/3
  1358 | D:2      | Reached skill level 1 in Invocations
  1804 | D:2      | Reached XP level 4. HP: 37/37 MP: 4/4
  2590 | D:3      | Found a sparkling altar of Nemelex Xobeh.
  2597 | D:3      | Noticed Natasha
  2618 | D:3      | Killed Natasha
  2619 | D:3      | Reached XP level 5. HP: 34/42 MP: 6/6
  2679 | D:3      | Found a hide-covered altar of Uskayaw.
  2680 | D:3      | Noticed Natasha
  2906 | D:3      | Found an iron altar of Okawaru.
  3035 | D:3      | Found a burning altar of Makhleb.
  3037 | D:3      | Found a glowing silver altar of Zin.
  3037 | D:3      | Noticed an angel
  3038 | D:3      | Noticed a blizzard demon
  3469 | D:3      | Killed Natasha
  3616 | D:3      | Reached skill level 5 in Long Blades
  3616 | D:3      | Reached XP level 6. HP: 19/48 MP: 7/7
  3952 | D:3      | Noticed Natasha
  4309 | D:3      | Killed Natasha
  4807 | D:4      | Found a broken altar of Ashenzari.
  4807 | D:4      | Found a sacrificial altar of Ru.
  4821 | D:4      | Reached skill level 5 in Dodging
  4821 | D:4      | Reached XP level 7. HP: 32/53 MP: 7/9
  4974 | D:5      | Entered Level 5 of the Dungeon
  5177 | D:5      | Noticed a yak
  5177 | D:5      | Noticed a yak
  5214 | D:5      | Killed a yak
  5484 | D:5      | Noticed a yak
  5512 | D:5      | Mangled by a yak

Illustrated notes

Levels and vault maps discovered:
D:1:      noname_arrival_rooms_in_the_neighbourhood, layout_loops_ring,
          minmay_crystal_water, kennysheep_another_room, hex_large
D:2:      layout_basic
D:3:      layout_loops_ring, grunt_temple_overflow_order_and_chaos_2,
          nicolae_overflow_hidden_temple, nemelex_xobeh_ov_fountains_minmay,
          lemuel_round_altar, uniq_natasha
D:4:      layout_basic, fedhas_altar_2,
          chequers_temple_overflow_statue_of_worship
D:5:      layout_rooms, overflow_temple_1_default

Skill      XL: |  1  2  3  4  5  6  7 |
---------------+----------------------+-----
Stealth        | 2 3 4 |  4.2
Long Blades    | 4 5 |  5.9
Invocations    | 1 2 3 |  3.3
Dodging        | 4 5 |  5.4
Fighting       | |  3.6

Action                   |  1- 3 |  4- 6 |  7- 9 || total
-------------------------+-------+-------+-------++-------
Melee: Falchion          |    66 |   189 |    43 ||   298
Throw: Dart              |     8 |    16 |    16 ||    40
 Abil: Hop               |       |       |     4 ||     4
Evoke: Wand              |       |     1 |       ||     1
  Use: Potion            |     1 |     4 |     4 ||     9
       Scroll            |       |     3 |     3 ||     6
 Stab: Sleeping          |     3 |     1 |       ||     4
Armor: Robe              |    19 |    12 |       ||    31
       Leather armour    |       |    33 |    10 ||    43
Dodge: Dodged            |    47 |   153 |    45 ||   245
       Rpst.: Falchion   |    22 |    40 |    14 ||    76
